 Dungeon Crawl Stone Soup version 0.18.1-8-gdd0e5ea (webtiles) character file.

2776 Northaan the Conjurer (level 9, -1/52 HPs)
             Began as a Gargoyle Wizard on May 31, 2016.
             Was a Believer of Vehumet.
             Slain by a giant frog (2 damage)
             ... on level 7 of the Dungeon.
             The game lasted 00:25:57 (10436 turns).

Northaan the Conjurer (Gargoyle Wizard)            Turns: 10436, Time: 00:25:59

Health: -1/52      AC: 12    Str: 12    XL:     9   Next: 70%
Magic:  0/19       EV: 12    Int: 21    God:    Vehumet [**....]
Gold:   277        SH:  0    Dex:  8    Spells: 7 memorised, 6 levels left

rFire  + . .     SeeInvis .     g - +0 whip
rCold  . . .     Gourm    .     a - +0 robe
rNeg   + . .     Faith    .     (no shield)
rPois  ∞         Spirit   .     o - +1 helmet
rElec  +         Dismiss  .     t - +0 cloak (curse)
rCorr  .         Reflect  .     l - +0 pair of gloves
SustAt .         Harm     .     (no boots)
MR     .....                    (no amulet)
Stlth  ++........               (no ring)
                                r - ring of protection from fire

@: not resistant to hostile enchantments, unstealthy
A: negative energy resistance 1, electricity resistance, unbreathing,
petrification resistance, rot immunity, AC +5
a: Renounce Religion


You were on level 7 of the Dungeon.
You worshipped Vehumet.
Vehumet was pleased with you.
You were not hungry.

You visited 2 branches of the dungeon, and saw 9 of its levels.

You collected 337 gold pieces.
You spent 60 gold pieces at shops.

Inventory:

Hand Weapons
 g - a +0 whip (weapon)
Armour
 a - a +0 robe (worn)
 b - a +0 hat
 l - a +0 pair of gloves (worn)
 o - a +1 helmet (worn)
 t - a cursed +0 cloak (worn)
 x - the +4 scale mail of the Planets {rF+, unknown}
   (You found it on level 5 of the Dungeon)

   It protects you from fire.
 B - a +0 leather armour
Jewellery
 r - a ring of protection from fire (left hand)
Scrolls
 e - 3 scrolls of enchant armour
 i - 2 scrolls of random uselessness {unknown}
 m - 4 scrolls of teleportation
 n - 9 scrolls of identify
 p - 3 scrolls of immolation {unknown}
 q - 2 scrolls of fear {unknown}
 u - a scroll of recharging
 w - a scroll of enchant weapon {unknown}
 y - 2 scrolls of vulnerability {unknown}
 A - 2 scrolls of remove curse
 I - a scroll of magic mapping
Potions
 f - a potion of might
 h - 3 potions of flight {unknown}
 k - 3 potions of curing {unknown}
 s - 3 potions of haste
 v - a potion of invisibility {unknown}
 z - a potion of cancellation {unknown}
 D - a potion of heal wounds
 F - 3 potions of magic {unknown}
 G - a potion of degeneration {unknown}
 H - a potion of lignification {unknown}
Books
 c - a book of Minor Magic

   Spells                             Type                      Level
   a - Magic Dart                     Conjuration                  1
   b - Blink                          Translocation                2
   c - Call Imp                       Summoning                    2
   d - Repel Missiles                 Charms/Air                   2
   e - Slow                           Hexes                        2
   f - Conjure Flame                  Conjuration/Fire             3
   g - Mephitic Cloud                 Conjuration/Poison/Air       3
 C - an Akashic Record

   Spells                             Type                      Level
   a - Dispersal                      Translocation                6
   b - Malign Gateway                 Summoning/Translocation      7
   c - Disjunction                    Translocation                8
   d - Controlled Blink               Translocation                8
 J - a book of Death

   Spells                             Type                      Level
   a - Corpse Rot                     Necromancy                   2
   b - Sublimation of Blood           Necromancy                   2
   c - Agony                          Necromancy                   5
   d - Dispel Undead                  Necromancy                   5
   e - Excruciating Wounds            Charms/Necromancy            5
   f - Bolt of Draining               Conjuration/Necromancy       5
Comestibles
 d - 2 bread rations
 j - 3 meat rations
 E - 3 fruits
 K - 2 chunks of flesh
 L - a slice of pizza


   Skills:
 + Level 3.8 Fighting
 + Level 3.5 Maces & Flails
 + Level 3.8 Armour
 + Level 3.4 Dodging
 - Level 2.1 Stealth
 * Level 6.7 Spellcasting
 + Level 6.8 Conjurations
 - Level 2.0 Charms
   Level 0.8 Summonings
 - Level 0.8 Translocations
 * Level 3.1 Fire Magic
 - Level 1.4 Air Magic
 - Level 2.4 Poison Magic


You had 6 spell levels left.
You knew the following spells:

 Your Spells              Type           Power        Failure   Level  Hunger
a - Magic Dart            Conj           ####         1%          1    None
b - Blink                 Tloc           N/A          12%         2    None
c - Conjure Flame         Conj/Fire      ####....     3%          3    #......
d - Mephitic Cloud        Conj/Pois/Air  ###.....     10%         3    #......
e - Repel Missiles        Chrm/Air       ##....       10%         2    None
f - Slow                  Hex            #.......     14%         2    None
g - Throw Flame           Conj/Fire      ####..       1%          2    None


Dungeon Overview and Level Annotations

Branches:
Dungeon (8/15)             Temple (1/1) D:4
   Lair: D:8-11

Altars:
Ashenzari
Dithmenos
Elyvilon
Gozag
Kikubaaqudgha
Makhleb
Okawaru
Qazlal
Ru
Sif Muna
Trog
Vehumet
Xom
Yredelemnul
Zin
The Shining One

Shops:
D:6 *   D:7 (


Innate Abilities, Weirdness & Mutations

You are resistant to torment.
Your stone body is resilient (AC +5).
You are immune to poison.
You resist negative energy.
You are resistant to electric shocks.
You can survive without breathing.
You are immune to petrification.
You are immune to rotting.


Message History

* * * LOW HITPOINT WARNING * * *
Casting: Conjure Flame
Confirm with . or Enter, or press ? or * to list all spells.
Aiming: Magic Dart
Press: ? - help, Shift-Dir - straight line, f - giant frog
Aim: a giant frog (severely wounded)
The magic dart hits the giant frog.
The giant frog is almost dead.
The giant frog hits you.
* * * LOW HITPOINT WARNING * * *
Casting: Magic Dart
Confirm with . or Enter, or press ? or * to list all spells.
Aiming: Magic Dart
Press: ? - help, Shift-Dir - straight line, f/p - giant frog
Aim: a giant frog (almost dead)
The magic dart hits the giant frog.
The giant frog is almost dead.
The giant frog hits you but does no damage.
The giant frog hits you.
You die...

#######.......##.##.....#........
#.....(h...............####
#.......#.###.>...###### #
#########h# #.....# # #§# ###.###
# ### #.# #.####### # ..# #.#
#.##....# # #.# #F#####.##.##.#
## #.# #.@........##.####. #.#
###.....####....... #.#
#...........##... #.#
#####.#########....## #.# #.....#
######... #.# ##.###.# ##.## ###.
#.##########...##.######...#####.
#...............#................
############...#########...######


You could see a warg and a giant frog.

Vanquished Creatures
  Sigmund (D:3)
  A hippogriff (D:7)
  Menkaure (D:6)
  2 sky beasts
  An ice beast (D:5)
  A necrophage (D:6)
  A phantom (D:8)
  4 ogres
  2 centaurs
  3 giant frogs
  7 killer bees
  3 scorpions
  A crimson imp (D:6)
  A giant frog zombie (D:7)
  4 hounds
  Crazy Yiuf (D:3)
  A jelly (D:6)
  2 giant frog skeletons (D:6)
  4 iguanas
  2 orc priests (D:6)
  3 orc wizards
  3 worker ants
  A worker ant zombie (D:5)
  6 adders
  2 shadow imps (D:6)
  6 oozes
  4 worms
  A dart slug (D:5)
  2 giant geckos
  16 orcs
  A ball python (D:1)
  6 giant cockroaches
  3 goblins
  5 hobgoblins
  6 jackals
  3 quokkas
  9 bats
  A giant gecko zombie (D:6)
  5 giant newts
  7 kobolds
  A quokka skeleton (D:6)
  5 rats
139 creatures vanquished.

Notes
Turn   | Place    | Note
--------------------------------------------------------------
     0 | D:1      | Northaan the Gargoyle Wizard began the quest for the Orb.
     0 | D:1      | Reached XP level 1. HP: 10/10 MP: 4/4
   212 | D:1      | Reached XP level 2. HP: 3/15 MP: 1/6
  1019 | D:2      | Reached XP level 3. HP: 19/19 MP: 1/7
  1231 | D:2      | Found an opulent altar of Gozag.
  2050 | D:2      | Reached XP level 4. HP: 16/24 MP: 1/9
  2120 | D:2      | Learned a level 2 spell: Blink
  2124 | D:2      | Learned a level 3 spell: Conjure Flame
  2128 | D:2      | Learned a level 3 spell: Mephitic Cloud
  2895 | D:3      | Found a sacrificial altar of Ru.
  2991 | D:3      | Noticed Sigmund
  3163 | D:3      | Noticed Crazy Yiuf
  3180 | D:3      | Killed Crazy Yiuf
  3180 | D:3      | Reached XP level 5. HP: 28/28 MP: 0/10
  3732 | D:3      | Killed Sigmund
  3732 | D:3      | Reached skill level 5 in Conjurations
  3732 | D:3      | Reached XP level 6. HP: 28/32 MP: 0/12
  3979 | D:4      | Found a shadowy altar of Dithmenos.
  4253 | D:4      | Found a burning altar of Makhleb.
  4253 | D:4      | Noticed a cacodemon
  4256 | D:4      | Noticed a ynoxinul
  4256 | D:4      | Noticed a smoke demon
  4903 | D:4      | Found a staircase to the Ecumenical Temple.
  5006 | Temple   | Entered the Ecumenical Temple
  5014 | Temple   | Became a worshipper of Vehumet
  5324 | D:5      | Entered Level 5 of the Dungeon
  5332 | D:5      | Reached skill level 1 in Poison Magic
  5471 | D:5      | Reached XP level 7. HP: 35/36 MP: 5/14
  5537 | D:5      | Found a deep blue altar of Sif Muna.
  5538 | D:5      | Found a basalt altar of Yredelemnul.
  5540 | D:5      | Found a white marble altar of Elyvilon.
  5544 | D:5      | Found an iron altar of Okawaru.
  5544 | D:5      | Found a glowing silver altar of Zin.
  5549 | D:5      | Found a bloodstained altar of Trog.
  5750 | D:5      | Got a polished scale mail
  5760 | D:5      | Reached skill level 1 in Maces & Flails
  5760 | D:5      | Reached skill level 1 in Armour
  5893 | D:5      | Reached skill level 1 in Fire Magic
  6441 | D:5      | Reached skill level 1 in Fighting
  6751 | D:6      | Reached skill level 5 in Spellcasting
  6951 | D:6      | Reached XP level 8. HP: 27/43 MP: 15/15
  6958 | D:6      | Learned a level 2 spell: Repel Missiles
  7279 | D:6      | Reached * piety under Vehumet
  7279 | D:6      | Offered knowledge of Freeze by Vehumet.
  7344 | D:5      | HP: 1/44 [ice beast (14)]
  7924 | D:6      | Reached skill level 1 in Air Magic
  8475 | D:6      | Reached skill level 1 in Charms
  8729 | D:6      | Noticed Menkaure
  8743 | D:6      | Killed Menkaure
  8840 | D:6      | Found Sakyam's General Store.
  8847 | D:6      | Bought a potion of heal wounds for 60 gold pieces
  8885 | D:6      | Reached XP level 9. HP: 49/49 MP: 17/17
  9254 | D:7      | Learned a level 2 spell: Slow
  9652 | D:7      | Found Fuplu's Antique Weapon Shop.
  9665 | D:7      | Found an opulent altar of Gozag.
 10285 | D:7      | Reached ** piety under Vehumet
 10285 | D:7      | Offered knowledge of Throw Flame by Vehumet.
 10313 | D:7      | Learned a level 2 spell: Throw Flame
 10433 | D:7      | HP: 2/52 [giant frog (4)]
 10436 | D:7      | Slain by a giant frog

Skill      XL: |  1  2  3  4  5  6  7  8  9 |
---------------+----------------------------+-----
Conjurations   | 2 3 4 5 6 |  6.8
Spellcasting   | 4 5 6 |  6.7
Poison Magic   | 1 2 |  2.4
Maces & Flails | 1 2 3 |  3.5
Armour         | 2 3 |  3.8
Dodging        | 2 3 |  3.4
Fire Magic     | 1 2 3 |  3.1
Fighting       | 1 2 3 |  3.8
Air Magic      | 1 |  1.4
Charms         | 1 2 |  2.0
Stealth        | |  2.1
Summonings     | |  0.8
Translocations | |  0.8

Action                   |  1- 3 |  4- 6 |  7- 9 || total
-------------------------+-------+-------+-------++-------
Melee: Unarmed           |    17 |       |       ||    17
       Whip              |    78 |   159 |   210 ||   447
 Cast: Magic Dart        |    48 |    69 |   309 ||   426
       Mephitic Cloud    |       |    10 |    24 ||    34
       Conjure Flame     |       |     2 |     7 ||     9
       Blink             |       |     1 |     7 ||     8
       Throw Flame       |       |       |     4 ||     4
       Repel Missiles    |       |       |     1 ||     1
  Use: Scroll            |       |     8 |     2 ||    10
       Potion            |       |     1 |       ||     1
 Stab: Sleeping          |     1 |     2 |     1 ||     4
       Confused          |       |     1 |       ||     1
  Eat: Chunk             |     2 |     9 |    16 ||    27
       Meat ration       |       |     1 |       ||     1
       Fruit             |       |       |     1 ||     1
Armor: Robe              |    63 |    66 |   188 ||   317
Dodge: Dodged            |    74 |   119 |   244 ||   437
       Deflected         |       |       |     2 ||     2
